 Dungeon Crawl Stone Soup version 0.31.0-32-g396128a36d (webtiles) character file.

Game seed: 3434236894198071803

395 mrsleep the Covert (level 6, -1/46 HPs)
             Began as a Vampire Brigand on Mar 27, 2024.
             Slain by an orc
             ... wielding a +0 short sword
              (4 damage)
             ... on level 4 of the Dungeon.
             The game lasted 00:27:53 (3356 turns).

mrsleep the Covert (Vampire Brigand)                Turns: 3356, Time: 00:27:54

Health: -1/46      AC:  3    Str: 10    XL:     6   Next: 52%
Magic:  15/15      EV: 13    Int: 15    God:
Gold:   230        SH:  0    Dex: 22    Spells: 5/5 levels left

rFire   . . .        q - +2 dagger (drain)
rCold   . . .        (no shield)
rNeg    . . .        b - +0 robe
rPois   .            (no helmet)
rElec   .            c - +0 cloak
rCorr   .            (no gloves)
SInv    +            (no boots)
Will    .....        v - amulet of regeneration
Stlth   +++++        m - ring of magical power
HPRegen 1.27/turn    h - +6 ring of dexterity
MPRegen 0.14/turn

%: no passive effects
@: healing quickly
A: alive, fangs 3, see invisible, vampiric 2
a: Exsanguinate


You were on level 4 of the Dungeon.
You visited 1 branch of the dungeon, and saw 4 of its levels.

You collected 230 gold pieces.

Inventory:

Hand Weapons
 a - a +2 dagger
 q - a +2 dagger of draining (weapon)
 t - a +0 antimagic falchion
Missiles
 d - 14 poisoned darts (quivered)
 e - 3 curare-tipped darts
 x - 6 atropa-tipped darts
Armour
 b - a +0 robe (worn)
 c - a +0 cloak (worn)
 o - a +0 buckler
 p - a +0 robe
Jewellery
 g - an amulet of the acrobat
 h - a +6 ring of dexterity (right hand)
 m - a ring of magical power (left hand)
 r - a ring of see invisible
 v - an amulet of regeneration (around neck)
 w - a ring of resist corrosion
Talismans
 j - a talisman of death
Scrolls
 n - 2 scrolls of enchant weapon
 s - 2 scrolls of immolation
 u - 2 scrolls of teleportation
 y - a scroll of brand weapon {unknown}
 z - a scroll of amnesia {unknown}
Potions
 f - a potion of lignification
 k - a potion of heal wounds {unknown}
 l - a potion of resistance {unknown}


   Skills:
 + Level 2.9 Fighting
 + Level 4.4 Short Blades
 + Level 1.7 Throwing
 + Level 2.7 Dodging
 + Level 9.0 Stealth


You had 5 spell levels left.
You didn't know any spells.
Your spell library contained the following spells:

 Spells                   Type           Power      Damage    Failure   Level
 Kiss of Death            Conj/Necr      0%         2d5       26%         1
 Confusing Touch          Hex            0%         N/A       63%         3
 Gell's Gravitas          Tloc           0%         N/A       63%         3
 Inner Flame              Hex/Fire       0%         N/A       63%         3
 Teleport Other           Tloc           0%         N/A       63%         3
 Dispel Undead            Necr           0%         3d6       95%         4
 Irradiate                Conj/Alch      0%         3d11      100%        5
 Dispersal                Tloc           0%         N/A       100%        6
 Ignition                 Fire           0%         3d3       100%        8


Dungeon Overview and Level Annotations

Branches:
Dungeon (4/15)
 Temple: D:4-7

Altars:


Innate Abilities, Weirdness & Mutations

Your natural rate of healing is accelerated.
You have razor-sharp teeth.
You have supernaturally acute eyesight. (SInv)
You are afflicted with vampirism and can become a bat while bloodless.


Message History

The phantom hits you.
* * * LOW HITPOINT WARNING * * *
You closely miss the phantom. You bite the phantom.
The phantom is almost destroyed.
The phantom hits you.
* * * LOW HITPOINT WARNING * * *
You hit the phantom.
The phantom is almost destroyed.
The phantom closely misses you.
You hit the phantom but do no damage. You bite the phantom.
You destroy the phantom!
Your Stealth skill increases to level 9!
You hit the orc.
The orc is heavily wounded.
You closely miss the orc.
The orc is heavily wounded.
The orc misses you.
You hit the orc.
You kill the orc!
You hit the orc priest.
The orc priest is lightly wounded.
The orc priest hits you with a +0 whip.
* * * LOW HITPOINT WARNING * * *
You hit the orc priest.
The orc priest is moderately wounded.
You hit the orc priest. You drain the orc priest.
You punch the orc priest, but do no damage.
The orc priest is heavily wounded.
You hit the orc.
The orc is moderately wounded.
The orc priest hits you with a +0 whip.
* * * LOW HITPOINT WARNING * * *
The orc hits you with a +0 short sword.
* * * LOW HITPOINT WARNING * * *
You hit the orc but do no damage. You drain the orc.
The orc is severely wounded.
The orc priest hits you with a +0 whip.
* * * LOW HITPOINT WARNING * * *
The orc hits you with a +0 short sword.
You die...

#. ~~~ .. ..# ... # ..# #.# ..#.
..# .# #.#.#.##..# ...##.#......#
#......#... #......#o# #......o@#
##......### .###. #.# #.......#
.... ##.###....?..###.. ###J...
................. .. ..#
###..#........###..###.##.#
.............# ##.....##.##
.###....#......###..........#####
..?)......................#......


You could see an orc priest (very drained) and an orc (very drained).

Vanquished Creatures
  3 phantoms (D:4)
  An orc priest (D:4)
  6 adders
  2 dart slugs
  2 ribbon worms
  8 orcs
  3 bats
  7 endoplasms
  2 giant cockroaches (D:3)
  6 hobgoblins
  2 jackals (D:2)
  5 kobolds
  3 quokkas
  7 ball pythons
  A frilled lizard (D:2)
  7 goblins
  5 rats
70 creatures vanquished.

Notes
Turn   | Place    | Note
-------+----------+-------------------------------------------
     0 | D:1      | mrsleep the Vampire Brigand began the quest for the Orb.
     0 | D:1      | Reached XP level 1. HP: 16/16 MP: 1/1
   102 | D:1      | Reached skill level 6 in Stealth
   789 | D:1      | Reached XP level 2. HP: 22/22 MP: 2/2
  1008 | D:2      | Reached skill level 7 in Stealth
  1149 | D:2      | Gained mutation: You are afflicted with vampirism and can
                  | become a bat while bloodless. [Vampire growth]
  1149 | D:2      | Reached XP level 3. HP: 25/27 MP: 3/3
  1406 | D:2      | Found a faded altar of an unknown god.
  2004 | D:3      | Reached XP level 4. HP: 33/33 MP: 4/4
  3204 | D:4      | Noticed a phantom
  3224 | D:4      | Noticed a phantom
  3230 | D:4      | Killed a phantom
  3231 | D:4      | Reached skill level 8 in Stealth
  3231 | D:4      | Reached XP level 5. HP: 31/39 MP: 5/5
  3251 | D:4      | Killed a phantom
  3252 | D:4      | Reached XP level 6. HP: 33/46 MP: 6/6
  3332 | D:4      | HP: 1/46 [phantom (5)]
  3349 | D:4      | Reached skill level 9 in Stealth
  3356 | D:4      | Slain by an orc

Illustrated notes

Levels and vault maps discovered:
D:1:      arrival_zaba_pyramid, layout_basic
D:2:      layout_loops_ring, ebering_ecumenical_altar_sacrificial
D:3:      layout_basic, minmay_starry_boxes
D:4:      layout_rooms, nemelex_dance_club_becter, nicolae_ru_awakened_eye,
          minmay_tree_intersection, uniq_menkaure

Skill      XL: |  1  2  3  4  5  6 |
---------------+-------------------+-----
Stealth        | 6 7 8 9 |  9.0
Short Blades   | 3 4 |  4.4
Fighting       | 2 |  2.9
Dodging        | 2 |  2.7
Throwing       | |  1.7

Action                     |  1- 3 |  4- 6 || total
---------------------------+-------+-------++-------
  Melee: Dagger            |    86 |   114 ||   200
         Bite              |     7 |    17 ||    24
         Punch             |       |     1 ||     1
  Throw: Dart              |       |     4 ||     4
    Use: Scroll            |     2 |     2 ||     4
         Potion            |       |     2 ||     2
   Stab: Sleeping          |    11 |     7 ||    18
 Armour: Robe              |    26 |    61 ||    87
  Dodge: Dodged            |    68 |    62 ||   130
